 Dungeon Crawl Stone Soup version 0.19.4-9-g45fd643 (webtiles) character file.

36 nikopol the Skirmisher (level 3, -5/36 HPs)
             Began as a Gargoyle Berserker on Feb 18, 2017.
             Was a Believer of Trog.
             Slain by a gnoll
             ... wielding a +0 club
              (6 damage)
             ... on level 2 of the Dungeon.
             The game lasted 00:02:19 (1337 turns).

nikopol the Skirmisher (Gargoyle Berserker)         Turns: 1337, Time: 00:02:20

Health: -5/36      AC:  5    Str: 25    XL:     3   Next: 37%
Magic:  3/3        EV: 12    Int:  7    God:    Trog [**....]
Gold:   39         SH:  0    Dex: 10    Spells: 0 memorised, 2 levels left

rFire  . . .     SeeInvis .     a - +0 mace
rCold  . . .     Gourm    .     b - +0 animal skin
rNeg   + . .     Faith    .     (no shield)
rPois  ∞         Spirit   .     (no helmet)
rElec  +         Reflect  .     (no cloak)
rCorr  .         Harm     .     (no gloves)
MR     .....                    (no boots)
Stlth  ..........               (no amulet)
                                (no ring)
                                (no ring)

@: berserking, very quick
A: negative energy resistance 1, electricity resistance, unbreathing,
petrification resistance, rot immunity, AC +3
a: Berserk, Trog's Hand, Burn Spellbooks, Renounce Religion


You were on level 2 of the Dungeon.
You worshipped Trog.
Trog was pleased with you.
You were not hungry.

You visited 1 branch of the dungeon, and saw 2 of its levels.

You collected 39 gold pieces.

Inventory:

Hand Weapons
 a - a +0 mace (weapon)
Missiles
 i - 14 arrows (quivered)
Armour
 b - a +0 animal skin (worn)
Jewellery
 j - a +2 ring of dexterity {unknown}
Scrolls
 d - a scroll of enchant weapon {unknown}
 h - a scroll of remove curse {unknown}
 k - 3 scrolls of recharging {unknown}
 m - a scroll of amnesia {unknown}
Potions
 e - a potion of agility {unknown}
 g - 2 potions of brilliance {unknown}
Comestibles
 c - a bread ration
 l - a slice of pizza


   Skills:
 + Level 3.7 Fighting
 + Level 3.4 Maces & Flails
 + Level 2.7 Armour
 + Level 1.9 Dodging


You had 2 spell levels left.
You didn't know any spells.

Dungeon Overview and Level Annotations

Branches:
Dungeon (2/15)

Altars:


Innate Abilities, Weirdness & Mutations

You are resistant to torment.
Your stone body is resilient. (AC +3)
You are immune to poison.
You resist negative energy. (rN+)
You are resistant to electric shocks. (rElec)
You can survive without breathing.
You are immune to petrification.
You are immune to rotting.


Message History

The gnoll hits you from afar with a spear.
The gnoll hits you but does no damage.
You hit the gnoll but do no damage.
The gnoll hits you but does no damage. x2
The gnoll hits you with a club.
You closely miss the gnoll. The adder closely misses you.
The gnoll hits you from afar with a spear.
The gnoll closely misses you. The gnoll barely misses you. The adder bites you.
The gnoll closely misses you.
You hit the gnoll.
The gnoll is heavily wounded.
The gnoll hits you but does no damage. The adder bites you.
The gnoll hits you from afar with a spear.
* * * LOW HITPOINT WARNING * * *
The goblin completely misses you. The adder bites you but does no damage.
The adder bites you.
* * * LOW HITPOINT WARNING * * *
A red film seems to cover your vision as you go berserk!
You feel yourself moving faster!
You feel mighty!
You feel quite a bit more hungry. The gnoll hits you with a club.
You die...

#..#####.#
#..#.....#
#..'..<..#
##.#.....#
#†#####....
#.########+#
#.........
#>........
##@.......
#gSg.....
#gg......
#.g......
#........
#........
#........
#........
#........


You could see 4 gnolls, an adder and a goblin.

Vanquished Creatures
  An ooze (D:1)
  A dart slug (D:1)
  A leopard gecko (D:1)
  A ball python (D:1)
  4 bats (D:1)
  2 giant cockroaches (D:1)
  5 goblins (D:1)
  A hobgoblin (D:1)
  2 frilled lizards (D:1)
  5 kobolds (D:1)
  5 rats
28 creatures vanquished.

Notes
Turn   | Place    | Note
-------+----------+-------------------------------------------
     0 | D:1      | nikopol the Gargoyle Berserker began the quest for the Orb.
     0 | D:1      | Reached XP level 1. HP: 14/14 MP: 1/1
   378 | D:1      | Reached XP level 2. HP: 14/19 MP: 2/2
   640 | D:1      | Reached XP level 3. HP: 19/23 MP: 3/3
  1008 | D:1      | Reached ** piety under Trog
  1336 | D:2      | HP: 1/24 [adder (4)]
  1337 | D:2      | Slain by a gnoll

Action                   || total
-------------------------++-------
Melee: Mace              ||   121
Invok: Berserk           ||     1
  Eat: Chunk             ||     2
Armor: Animal skin       ||    76
Dodge: Dodged            ||   125
